AoeStats
← waLLefps.

Arena

507352605Analyzed
1v1 RM · 13d ago on Sep 17, 2026· 53m 30s· 2 players
Game mode
Random Map
Map size
Tiny (2 player)
Population
200
Speed
Normal
Resources
Standard
Victory
Conquest
Starting age
Dark Age
Ending age
Imperial Age
RankedLock teamsTeams togetherTeam positionsShared explorationLock speedFull tech treeHidden civsTurbo modeCheats
Victory
Defeat
🇭🇺 Cumans · Hungary
1339
+16
🇹🇷 Malay · Türkiye
1333
-16
waLLefps.
9:52 Feudal Age
9:44 Double-Bit Axe
9:43 Horse Collar
15:59 Castle Age
16:01 Bow Saw
17:56 Heavy Plow
19:38 Gold Mining
19:42 Stone Mining
20:41 Wheelbarrow
20:55 Loom
21:52 Forging
21:52 Pikeman
23:26 Hand Cart
26:25 Town Watch
30:08 Imperial Age
27:44 Squires
27:29 Arson
28:35 Iron Casting
28:34 Man-at-Arms
29:59 Conscription
31:02 Blast Furnace
29:24 Long Swordsman
30:21 Gold Mining
30:50 Two-Handed Swordsman
30:51 Halberdier
33:14 Forced Levy
34:07 Fletching
34:17 Padded Archer Armor
34:39 Ballistics
35:19 Chemistry
35:09 Elite Skirmisher
35:55 Thumb Ring
36:47 Gold Shaft Mining
36:14 Bodkin Arrow
36:35 Leather Archer Armor
36:32 Masonry
37:03 Bracer
39:42 Ring Archer Armor
SamSquanch
8:33 Feudal Age
9:05 Horse Collar
9:11 Double-Bit Axe
13:20 Wheelbarrow
12:33 Loom
16:50 Bloodlines
20:01 Scale Barding Armor
23:33 Castle Age
21:36 Gold Mining
22:03 Forging
23:35 Light Cavalry
24:37 Bow Saw
24:30 Heavy Plow
24:48 Hand Cart
26:19 Chain Barding Armor
30:50 Imperial Age
28:37 Town Watch
28:44 Loom
29:21 Town Patrol
30:10 Thumb Ring
29:57 Fletching
30:07 Padded Archer Armor
30:32 Ballistics
31:26 Bodkin Arrow
31:46 Leather Archer Armor
31:39 Cuman Mercenaries
33:01 Parthian Tactics
33:40 Chemistry
33:03 Conscription
33:40 Hoardings
34:11 Two-Man Saw
34:43 Steppe Husbandry
35:55 Elite Kipchak
36:45 Hussar
39:43 Plate Barding Armor
40:44 Crop Rotation
42:05 Iron Casting
48:07 Blast Furnace
47:34 Murder Holes
51:18 Ring Archer Armor
Connection lost

Rejoining the realm…

Still unreachable

The connection could not be restored.

Session expired

The server has moved on; the page needs a fresh start.